 Dungeon Crawl Stone Soup version 0.26-a0-672-g1df16c3386 (webtiles) character file.

Game seed: 3010628474518084085

137 marklar909 the Bolt Thrower (level 5, -1/32 HPs)
             Began as a Kobold Hunter on Oct 20, 2020.
             Slain by Grinder (3 damage)
             ... on level 3 of the Dungeon.
             The game lasted 00:03:57 (2985 turns).

marklar909 the Bolt Thrower (Kobold Hunter)         Turns: 2985, Time: 00:03:57

Health: -1/32      AC:  4    Str:  9    XL:     5   Next: 44%
Magic:  5/5        EV: 15    Int: 12    God:
Gold:   131        SH:  0    Dex: 17    Spells: 4/4 levels left

rFire    . . .     SeeInvis .   a - +3 hand crossbow
rCold    . . .     Faith    .   (shield restricted)
rNeg     . . .     Spirit   .   c - +0 leather armour
rPois    .         Reflect  .   i - +1 hat
rElec    .         Harm     .   (no cloak)
rCorr    .         Rampage  .   (no gloves)
MR       .....                  (no boots)
Stlth    +++.......             g - amulet of the acrobat
HPRegen  0.10/turn              (no ring)
MPRegen  0.09/turn              (no ring)

@: no status effects
A: small, nightstalker 3
a: no special abilities


You were on level 3 of the Dungeon.
You visited 1 branch of the dungeon, and saw 3 of its levels.

You collected 131 gold pieces.

Inventory:

Hand Weapons
 a - a +3 hand crossbow (weapon)
 b - a +0 short sword
Missiles
 l - 10 poisoned darts (quivered)
Armour
 c - a +0 leather armour (worn)
 i - a +1 hat (worn)
Jewellery
 g - an amulet of the acrobat (around neck)
Scrolls
 e - a scroll of identify
 f - a scroll of teleportation
 h - 2 scrolls of enchant weapon
Potions
 j - 3 potions of stabbing
 k - a potion of mutation {unknown}
 m - 2 potions of curing {unknown}
 q - a potion of might


   Skills:
 + Level 2.8 Fighting
 + Level 0.2 Short Blades
 + Level 6.7 Crossbows
 + Level 1.3 Armour
 + Level 2.7 Dodging
 + Level 1.6 Stealth


You had 4 spell levels left.
You didn't know any spells.
Your spell library was empty.

Dungeon Overview and Level Annotations

Branches:
Dungeon (3/15)

Altars:

Annotations:
D:3 Grinder


Innate Abilities, Weirdness & Mutations

You are small and have problems with some larger weapons.
You are completely attuned to the shadows.


Message History

You aren't carrying any items that you can evoke.
Unknown command.
Firing (i - inventory. (/) - cycle)
d - a bolt (quivered)
Press: ? - help, Shift-Dir - straight line, f/p - Grinder
Aim: Grinder (heavily wounded)
Okay, then.
Fire/throw which item? (* to show all) (? for menu, Esc to quit)
Firing (i - inventory. (/) - cycle)
d - a bolt (quivered)
Press: ? - help, Shift-Dir - straight line, f/p - Grinder
Aim: Grinder (heavily wounded)
You throw a poisoned dart. The poisoned dart hits Grinder.
Grinder is heavily wounded.
Grinder says, "Just stop there for a second..."
Grinder hits you.
* * * LOW HITPOINT WARNING * * *
Firing (i - inventory. (/) - cycle)
d - a bolt (quivered)
Press: ? - help, Shift-Dir - straight line, f/p - Grinder
Aim: Grinder (heavily wounded)
You shoot a bolt. The bolt barely misses Grinder.
Grinder hits you.
You die...

#######
###########......
..............).. #
..#.#................
####
..)..##............##
...#
.....#.#..........#.#
##.##
......#.##......##.#.
#..#
..(.@..##.#....#.##..
##.#
..#.5..#.#.####.#.#..
#.###
#..(..#.##..##.#...
#...##
#......##....##....
###..###
#.(................
##.>.##
#..................
###..##
#......##....##....
##..#
#.....#.##..##.#†..
##.#
#...[#.#.####.#.#..


You could see Grinder.

Vanquished Creatures
  4 gnolls (D:2)
  3 adders
  3 worms
  2 dart slugs
  2 leopard geckos
  10 bats
  3 giant cockroaches
  8 goblins
  3 hobgoblins (D:1)
  8 kobolds
  2 quokkas (D:2)
  A ball python (D:1)
  4 frilled lizards
  4 rats (D:2)
57 creatures vanquished.

Notes
Turn   | Place    | Note
-------+----------+-------------------------------------------
     0 | D:1      | marklar909 the Kobold Hunter began the quest for the Orb.
     0 | D:1      | Reached XP level 1. HP: 12/12 MP: 1/1
    86 | D:1      | Reached skill level 5 in Crossbows
   240 | D:1      | Reached XP level 2. HP: 17/17 MP: 2/2
   571 | D:1      | Reached XP level 3. HP: 22/22 MP: 3/3
  1643 | D:2      | Reached skill level 1 in Armour
  1643 | D:2      | Reached XP level 4. HP: 21/27 MP: 4/4
  1658 | D:2      | Reached skill level 6 in Crossbows
  1976 | D:2      | Found a faded altar of an unknown god.
  2264 | D:2      | Reached XP level 5. HP: 31/31 MP: 5/5
  2978 | D:3      | Noticed Grinder
  2985 | D:3      | Slain by Grinder

Illustrated notes

Levels and vault maps discovered:
D:1:      onia_arrival_mini_spirals, layout_basic, minivault_26
D:2:      layout_loops_ring, chequers_ecumenical_altar_simple_redux
D:3:      layout_rooms, minmay_misc_feat_secret_circle, uniq_natasha,
          uniq_grinder

Skill      XL: |  1  2  3  4 |
---------------+-------------+-----
Crossbows      | 5 6 |  6.7
Armour         | 1 |  1.3
Fighting       | |  2.8
Short Blades   | |  0.2
Dodging        | |  2.7
Stealth        | |  1.6

Action                   |  1- 3 |  4- 6 || total
-------------------------+-------+-------++-------
Melee: Short sword       |     3 |     7 ||    10
 Fire: Hand crossbow     |    75 |    66 ||   141
Throw: Dart              |       |     4 ||     4
  Use: Scroll            |       |    12 ||    12
Armor: Leather armour    |    11 |     9 ||    20
Dodge: Dodged            |    18 |    20 ||    38

Table legend: (Time is in decaauts)
 A = Elapsed time spent in this place.
 B = Non-inter-level travel time spent in this place.
 C = Inter-level travel time spent in this place.
 D = Time resting spent in this place.
 E = Time spent auto-exploring this place.
 F = Levels seen in this place.
 G = Mean time per level.
                   A        B        C        D        E       F      G
               +--------+--------+--------+--------+--------+-----+--------+
         Total |   3009 |   2877 |    132 |    596 |   1882 |   3 | 1003.0 |
       Dungeon |   3009 |   2877 |    132 |    596 |   1882 |   3 | 1003.0 |
               +--------+--------+--------+--------+--------+-----+--------+

Top non-repeatable levels by time:
     D:2: 1694 daAuts
     D:1: 1034 daAuts
     D:3: 280 daAuts
